 Dungeon Crawl Stone Soup version 0.22-a0-618-gd6a3efe1fc (webtiles) character file.

567 RedPan the Sneak (level 7, -3/41 HPs)
             Began as an Octopode Wizard on July 13, 2018.
             Slain by a hound (5 damage)
             ... on level 4 of the Dungeon.
             The game lasted 00:11:12 (5375 turns).

RedPan the Sneak (Octopode Wizard)                  Turns: 5375, Time: 00:11:13

Health: -3/41      AC:  3    Str:  7    XL:     7   Next: 33%
Magic:  0/13       EV: 13    Int: 20    God:
Gold:   116        SH:  0    Dex: 12    Spells: 7/15 levels left

rFire    . . .     SeeInvis .   g - +3 short sword (protect)
rCold    . . .     Gourm    .   (no shield)
rNeg     . . .     Faith    .   e - +2 hat
rPois    .         Spirit   .   (no amulet)
rElec    .         Reflect  .   (no ring)
rCorr    .         Harm     .   (no ring)
MR       .....                  (no ring)
Stlth    ++++......             (no ring)
HPRegen  0.13/turn              (no ring)
MPRegen  0.13/turn              (no ring)
                                (no ring)
                                (no ring)

@: drained
A: almost no armour, stealthy swim, amphibious, 8 rings, constrict 8, camouflage
1, gelatinous body 1
a: no special abilities


You were on level 4 of the Dungeon.
You were not hungry.

You visited 1 branch of the dungeon, and saw 5 of its levels.

You collected 116 gold pieces.

Inventory:

Hand Weapons
 g - a +3 short sword of protection (weapon)
Missiles
 i - 176 stones (quivered)
Armour
 d - a +1 buckler
 e - a +2 hat (worn)
Scrolls
 a - 2 scrolls of enchant armour
 b - a scroll of blinking
 m - 2 scrolls of teleportation
 n - 2 scrolls of enchant weapon
 p - a scroll of fog
Potions
 f - a potion of invisibility {unknown}
 h - a potion of resistance {unknown}
 j - 2 potions of curing
 k - a potion of heal wounds {unknown}
 l - 2 potions of agility
 r - a potion of might {unknown}
Comestibles
 c - 10 rations
 o - 10 chunks of flesh


   Skills:
 - Level 2.0(1.4) Dodging
 - Level 5.2(4.5) Stealth
 + Level 4.5(3.9) Spellcasting
 - Level 3.1(2.5) Conjurations
 - Level 2.9(2.3) Summonings
 - Level 2.0(1.4) Translocations
 + Level 2.0(1.4) Air Magic
 + Level 2.4(1.8) Poison Magic


You had 7 spell levels left.
You knew the following spells:

 Your Spells              Type           Power        Failure   Level  Hunger
a - Magic Dart            Conj           ##..         4%          1    None
b - Blink                 Tloc           N/A          11%         2    ##.....
c - Call Imp              Summ           ##......     8%          2    ##.....
d - Mephitic Cloud        Conj/Pois/Air  ##......     17%         3    ###....

Your spell library contained the following spells:

 Spells                   Type           Power        Failure   Level  Hunger
 Conjure Flame            Conj/Fire      #.......     22%         3    ###....
 Slow                     Hex            #.......     21%         2    ##.....


Dungeon Overview and Level Annotations

Branches:
Dungeon (5/15)
 Temple: D:4-7

Altars:

Annotations:
D:5 Dowan, Duvessa


Innate Abilities, Weirdness & Mutations

You cannot wear most types of armour.
You are very stealthy in the water. (Stealth+)
You are amphibious.
You can wear up to eight rings at the same time.
You can use your tentacles to constrict eight enemies at once.
Your skin changes colour to match your surroundings (Stealth+).
Your rubbery body absorbs attacks. (AC +1, EV +1)


Message History

Aiming: Magic Dart (safe; 4% risk of failure)
Press: ? - help, Shift-Dir - straight line, f/p - hound
Aim: a hound (heavily wounded)
The magic dart hits the hound.
The hound is heavily wounded.
The hound bites you.
* * * LOW HITPOINT WARNING * * *
Your white imp hits the leopard gecko.
Your white imp freezes the leopard gecko.
The leopard gecko seems to slow down.
The leopard gecko dies!
Casting: Magic Dart (safe; 4% risk of failure)
Confirm with . or Enter, or press ? or * to list all spells.
Aiming: Magic Dart (safe; 4% risk of failure)
Press: ? - help, Shift-Dir - straight line, f/p - hound
Aim: a hound (heavily wounded)
The magic dart hits the hound.
The hound is severely wounded.
The hound bites you.
You die...

#.#.......###.#.....# #
#.#.#####...........# #
#.#.### #.#####....## #
#.#...# #.# #..#.# #
#.###.# #.# #..#.# # #.#
#.# #.# #....# #
#)###.###.# ##'###
#.........# ##...##
#.......@## ##.....##
#.###..#h# ##.......## #
#.###...†###......>..####
#.##...555.l.........'...
#.###....###.........####
#.####.#.# ##.......## #
#........#####.....##
######.#......#...##
#.#.####.##+##


You could see a hound, 2 friendly crimson imps and a friendly white imp.

Vanquished Creatures
  Grinder (D:3)
  A centaur (D:4)
  A scorpion (D:4)
  An iguana (D:5)
  An orc wizard (D:3)
  A worker ant (D:4)
  A hound skeleton (D:4)
  6 adders
  A shadow imp (D:4)
  An ooze (D:4)
  6 worms
  2 dart slugs
  4 leopard geckos
  6 orcs
  2 ball pythons
  3 giant cockroaches
  4 goblins
  5 hobgoblins
  2 jackals (D:3)
  A quokka (D:2)
  3 bats
  5 frilled lizards
  6 kobolds
  7 rats
71 creatures vanquished.

Vanquished Creatures (collateral kills)
  A howler monkey (D:4)
  An orc wizard (D:5)
  A gnoll (D:4)
  A howler monkey skeleton (D:4)
  A leopard gecko (D:4)
  4 orcs (D:4)
  3 jackals (D:4)
12 creatures vanquished.

Grand Total: 83 creatures vanquished

Notes
Turn   | Place    | Note
-------+----------+-------------------------------------------
     0 | D:1      | RedPan the Octopode Wizard began the quest for the Orb.
     0 | D:1      | Reached XP level 1. HP: 11/11 MP: 4/4
   632 | D:1      | Reached skill level 3 in Stealth
   632 | D:1      | Reached XP level 2. HP: 3/17 MP: 1/6
  1168 | D:2      | Learned a level 2 spell: Blink
  1171 | D:2      | Learned a level 2 spell: Call Imp
  1356 | D:2      | Reached XP level 3. HP: 21/21 MP: 3/7
  1402 | D:2      | Learned a level 3 spell: Mephitic Cloud
  1680 | D:2      | Reached XP level 4. HP: 27/27 MP: 5/9
  2484 | D:3      | Reached skill level 4 in Stealth
  2484 | D:3      | Reached XP level 5. HP: 19/31 MP: 8/10
  2656 | D:3      | Noticed Grinder
  2657 | D:3      | Paralysed by Grinder for 3 turns
  2675 | D:3      | Killed Grinder
  2675 | D:3      | Reached skill level 5 in Stealth
  2675 | D:3      | Reached XP level 6. HP: 8/36 MP: 1/12
  3521 | D:4      | Reached skill level 1 in Air Magic
  3521 | D:4      | Reached skill level 1 in Poison Magic
  4266 | D:4      | Reached XP level 7. HP: 33/41 MP: 1/13
  5009 | D:5      | Entered Level 5 of the Dungeon
  5029 | D:5      | Noticed Duvessa
  5029 | D:5      | Noticed Dowan
  5374 | D:4      | HP: 2/41 [hound (3)]
  5375 | D:4      | Slain by a hound

Vault maps used:
D:1:      lightli_arrival_lavapool, minivault_4
D:3:      uniq_grinder
D:5:      corexii_shantytown, first_ration, uniq_blork_the_orc, uniq_duvessa,
          uniq_crazy_yiuf_cottage

Skill      XL: |  1  2  3  4  5  6  7 |
---------------+----------------------+-----
Stealth        | 3 4 5 |  5.2
Conjurations   | 2 3 |  3.1
Spellcasting   | 4 |  4.5
Summonings     | 2 |  2.9
Air Magic      | 1 2 |  2.0
Poison Magic   | 1 2 |  2.4
Translocations | 2 |  2.0
Dodging        | |  2.0

Action                   |  1- 3 |  4- 6 |  7- 9 || total
-------------------------+-------+-------+-------++-------
Melee: Unarmed           |     6 |       |       ||     6
       Constrict         |     8 |    11 |     2 ||    21
       Short sword       |    15 |    47 |     3 ||    65
       Tentacles         |     3 |     8 |     1 ||    12
       Trident           |       |       |     1 ||     1
 Cast: Magic Dart        |    44 |   100 |    23 ||   167
       Call Imp          |       |    10 |    12 ||    22
       Blink             |       |       |     2 ||     2
  Use: Scroll            |     2 |    10 |     2 ||    14
 Stab: Sleeping          |     1 |     2 |       ||     3
  Eat: Chunk             |     2 |     8 |     1 ||    11
       Ration            |       |       |     1 ||     1
Armor: Skin              |     4 |    12 |     6 ||    22
Dodge: Dodged            |    22 |    31 |    26 ||    79

Table legend:
 A = Spawn XP
 B = Non-spawn XP
 C = Spawn XP percentage of total XP
 D = Spawn monster count
 E = Non-spawn monster count
 F = Spawn count percentage of total count
 G = Total turns spent on level
                    A         B        C        D         E        F      G
               +---------+---------+-------+---------+---------+-------+---------
         Total |       0 |     811 |   0.0 |       0 |      83 |   0.0 |  5375
               +---------+---------+-------+---------+---------+-------+---------
           D:1 |       0 |      10 |   0.0 |       0 |       6 |   0.0 |  1073
           D:2 |       0 |      95 |   0.0 |       0 |      25 |   0.0 |  1141
           D:3 |       0 |     341 |   0.0 |       0 |      25 |   0.0 |  1174
           D:4 |       0 |     310 |   0.0 |       0 |      24 |   0.0 |  1959
           D:5 |       0 |      55 |   0.0 |       0 |       3 |   0.0 |    28
               +---------+---------+-------+---------+---------+-------+---------
